 Dungeon Crawl Stone Soup version 0.23-a0-422-g30b1108d6a (webtiles) character file.

8281 Moesh the Cleaver (level 11, -2/97 HPs)
             Began as a Minotaur Fighter on Nov 15, 2018.
             Was a High Priest of Okawaru.
             Killed from afar by an electric eel (14 damage)
             ... with a bolt of electricity
             ... on level 11 of the Dungeon.
             The game lasted 00:20:34 (8776 turns).

Moesh the Cleaver (Minotaur Fighter)                Turns: 8776, Time: 00:20:36

Health: -2/97      AC: 19    Str: 24    XL:     11   Next: 7%
Magic:  10/10      EV:  9    Int:  5    God:    Okawaru [*****.]
Gold:   432        SH: 12    Dex: 10    Spells: 10/10 levels left

rFire    . . .     SeeInvis .   s - +3 war axe (venom)
rCold    + + +     Gourm    .   c - +0 shield
rNeg     . . .     Faith    .   o - +2 plate armour
rPois    +         Spirit   .   (helmet unavailable)
rElec    .         Reflect  .   (no cloak)
rCorr    .         Harm     .   a - +0 pair of gloves of Contentment {rC+++ MR- Slay+5} (curse)
MR       .....                  (no boots)
Stlth    ..........             (no amulet)
HPRegen  0.26/turn              u - ring of stealth
MPRegen  0.12/turn              v - ring of stealth

@: flying
A: retaliatory headbutt, horns 3, molten scales 1, poison resistance
a: Heroism, Finesse, Renounce Religion


You were on level 11 of the Dungeon.
You worshipped Okawaru.
Okawaru was extremely pleased with you.
You were not hungry.

You visited 2 branches of the dungeon, and saw 12 of its levels.

You collected 562 gold pieces.
You spent 130 gold pieces at shops.

Inventory:

Hand Weapons
 s - a +3 war axe of venom (weapon)
 D - a +3 flail
Missiles
 e - 5 throwing nets (quivered)
Armour
 a - the cursed +0 pair of gloves of Contentment (worn) {rC+++ MR- Slay+5}
   (You found it on level 10 of the Dungeon)

   It affects your accuracy and damage with ranged weapons and melee attacks
   (+5).
   It renders you almost immune to cold.
   It affects your resistance to hostile enchantments.
   It has a curse placed upon it.
 c - a +0 shield (worn)
 o - a +2 plate armour (worn)
Jewellery
 i - an uncursed ring of flight
 t - an uncursed ring of fire
 u - a ring of stealth (left hand)
 v - a ring of stealth (right hand)
Wands
 b - a wand of paralysis (15)
 n - a wand of iceblast (9)
Scrolls
 g - a scroll of fear
 j - 3 scrolls of amnesia
 k - 2 scrolls of magic mapping
 l - 4 scrolls of remove curse
 y - a scroll of blinking
 B - 2 scrolls of immolation
 C - 3 scrolls of teleportation
Potions
 d - 3 potions of curing
 h - a potion of cancellation
 m - 3 potions of might
 p - 2 potions of heal wounds
 q - a potion of flight
 r - a potion of haste
 w - 4 potions of agility
 z - a potion of invisibility {unknown}
Comestibles
 f - 15 rations
 x - 2 chunks of flesh


   Skills:
 + Level 9.2 Fighting
 * Level 11.9 Axes
 + Level 9.2 Armour
 + Level 7.5 Dodging
 + Level 9.2 Shields


You had 10 spell levels left.
You didn't know any spells.
Your spell library contained the following spells:

 Spells                   Type           Power        Failure   Level  Hunger
 Animate Skeleton         Necr           N/A          100%        1    ##.....
 Apportation              Tloc           #.....       100%        1    ##.....
 Confusing Touch          Hex            #.....       100%        1    ##.....
 Summon Small Mammal      Summ           #...         100%        1    ##.....


Dungeon Overview and Level Annotations

Branches:
Dungeon (11/15)            Temple (1/1) D:4
   Lair: D:8-11         Orc: D:9-12

Altars:
Ashenzari
Cheibriados
Dithmenos
Elyvilon
Fedhas
Gozag
Hepliaklqana
Kikubaaqudgha
Makhleb
Nemelex Xobeh
Okawaru
Qazlal
Ru
Sif Muna
Trog
Uskayaw
Vehumet
Wu Jian
Xom
Yredelemnul
Zin
The Shining One

Shops:
D:6 (


Innate Abilities, Weirdness & Mutations

You reflexively headbutt those who attack you in melee.
You have a pair of large horns on your head.
You are partially covered in molten scales. (AC +2)
Your system is resistant to poisons. (rPois)


Message History

You are too injured to fight recklessly!
Unknown command.
You are too injured to fight recklessly!
Unknown command.
You miss the electric eel. Your headbutt misses the electric eel.
The electric eel shoots out a bolt of lightning at you!
The bolt of electricity hits the electric eel.
The electric eel completely resists.
The bolt of electricity hits you!
* * * LOW HITPOINT WARNING * * *
The electric eel shoots out a bolt of lightning at you!
The bolt of electricity hits you!
* * * LOW HITPOINT WARNING * * *
The bolt of electricity hits you!
You feel very buoyant.
You fly up into the air.
The electric eel shoots out a bolt of lightning at you!
The bolt of electricity hits you!
* * * LOW HITPOINT WARNING * * *
The bolt of electricity hits you!
You die...

#≈≈≈≈≈≈≈≈≈≈≈.# ##≈##.#
≈≈≈≈≈≈≈≈≈≈≈≈≈# ##≈≈≈#.#
≈≈≈≈≈≈≈≈≈≈≈≈≈#
##≈≈≈≈≈.###≈≈≈≈≈≈≈≈≈≈≈.#
#≈≈≈≈≈≈≈......≈≈≈≈≈≈≈#.#
≈≈≈≈≈≈≈≈......≈≈≈≈≈≈##.#
≈≈≈≈≈≈≈≈......≈≈≈≈≈###.#
≈≈≈≈≈≈≈≈......#≈≈†####.#
≈≈;≈≈≈;@..#+####≈......#
≈≈≈≈≈≈≈≈..#........(....
#≈≈≈≈≈≈≈.........#######
##≈≈≈≈≈#.........#(..<>(
##≈≈≈###........#(#.###
..#≈##.....##'#.#.#...
##.## #.....##.#.#.#####
. +......#.#.#......
#......#.#.####.#.


You could see 2 electric eels.

Vanquished Creatures
  A cyclops (D:11)
  A merfolk (D:10)
  Grinder (D:4)
  A hippogriff (D:7)
  11 yaks
  An acid dragon (D:11)
  3 ice beasts
  2 sky beasts
  3 orc warriors (D:8)
  3 black bears
  A necrophage (D:8)
  4 ogres
  2 phantoms
  3 centaurs
  A big kobold (D:10)
  Blork the orc (D:4)
  5 bullfrogs
  5 scorpions
  19 wights
  2 electric eels (D:11)
  2 howler monkeys (D:9)
  5 bullfrog zombies
  8 crimson imps
  3 hounds
  2 quasits
  8 orc priests
  9 orc wizards
  A bullfrog skeleton (D:4)
  A gnoll shaman (D:7)
  3 jellies
  A centaur skeleton (D:9)
  5 iguanas
  Ijyb (D:4)
  8 worker ants
  A killer bee zombie (D:8)
  A hound zombie (D:6)
  18 gnolls
  13 adders
  4 shadow imps
  An ooze (D:5)
  An adder zombie (D:6)
  4 worms
  2 dart slugs (D:1)
  9 leopard geckos
  43 orcs
  5 bats
  9 giant cockroaches
  2 goblins (D:1)
  2 hobgoblins
  7 jackals
  9 kobolds
  4 quokkas
  8 frilled lizards
  A jackal zombie (D:5)
  A quokka skeleton (D:4)
  5 rats
277 creatures vanquished.

Notes
Turn   | Place    | Note
-------+----------+-------------------------------------------
     0 | D:1      | Moesh the Minotaur Fighter began the quest for the Orb.
     0 | D:1      | Reached XP level 1. HP: 19/19 MP: 0/0
    52 | D:1      | Reached XP level 2. HP: 26/27 MP: 1/1
   137 | D:1      | Reached skill level 3 in Axes
   858 | D:2      | Reached skill level 1 in Dodging
   858 | D:2      | Reached XP level 3. HP: 27/33 MP: 2/2
   986 | D:2      | Found a basalt altar of Yredelemnul.
   987 | D:2      | Found a hazy altar of Hepliaklqana.
   987 | D:2      | Found a stormy altar of Qazlal.
   987 | D:2      | Found a blossoming altar of Fedhas.
  1378 | D:3      | Reached XP level 4. HP: 8/40 MP: 3/3
  1719 | D:3      | Reached skill level 4 in Axes
  2180 | D:3      | Reached XP level 5. HP: 31/47 MP: 4/4
  2259 | D:3      | Found a hide-covered altar of Uskayaw.
  2259 | D:3      | Found an iron altar of Okawaru.
  2262 | D:3      | Found a glowing golden altar of the Shining One.
  2269 | D:3      | Became a worshipper of Warmaster Okawaru
  2816 | D:4      | Reached XP level 6. HP: 15/53 MP: 5/5
  2882 | D:4      | Noticed Blork the orc
  2888 | D:4      | Killed Blork the orc
  2888 | D:4      | Reached skill level 5 in Axes
  3255 | D:4      | Noticed Grinder
  3256 | D:4      | Paralysed by Grinder for 3 turns
  3267 | D:4      | Paralysed by Grinder for 6 turns
  3278 | D:4      | Paralysed by Grinder for 5 turns
  3315 | D:4      | Killed Grinder
  3315 | D:4      | Reached * piety under Okawaru
  3315 | D:4      | Reached skill level 5 in Fighting
  3315 | D:4      | Reached skill level 5 in Armour
  3315 | D:4      | Reached skill level 5 in Shields
  3315 | D:4      | Reached XP level 7. HP: 34/61 MP: 6/6
  3541 | D:4      | Found a staircase to the Ecumenical Temple.
  3547 | Temple   | Entered the Ecumenical Temple
  3879 | D:4      | Found a radiant altar of Vehumet.
  4093 | D:4      | Reached skill level 6 in Axes
  4097 | D:4      | Found a glowing silver altar of Zin.
  4148 | D:4      | Noticed Ijyb
  4153 | D:4      | Killed Ijyb
  4456 | D:5      | Entered Level 5 of the Dungeon
  4468 | D:5      | Reached ** piety under Okawaru
  5206 | D:5      | Reached XP level 8. HP: 70/70 MP: 7/7
  5235 | D:5      | Reached skill level 7 in Axes
  5500 | D:5      | Reached *** piety under Okawaru
  5743 | D:6      | Found Loacki's Antique Weapon Shop.
  5756 | D:6      | Bought a glowing war axe for 130 gold pieces
  5897 | D:6      | Reached skill level 8 in Axes
  6067 | D:6      | Gained mutation: You are partially covered in molten
                  | scales. (AC +2) [potion of mutation]
  6067 | D:6      | Gained mutation: You have a pair of large horns on your
                  | head. [potion of mutation]
  6067 | D:6      | Gained mutation: Your system is resistant to poisons.
                  | (rPois) [potion of mutation]
  6156 | D:6      | Reached skill level 5 in Dodging
  6244 | D:6      | Reached XP level 9. HP: 78/78 MP: 8/8
  6277 | D:6      | Reached **** piety under Okawaru
  6417 | D:7      | Reached skill level 9 in Axes
  6476 | D:7      | Found a snail-covered altar of Cheibriados.
  6733 | D:7      | Found a shadowy altar of Dithmenos.
  7229 | D:8      | Reached ***** piety under Okawaru
  7229 | D:8      | Reached skill level 10 in Axes
  7466 | D:8      | Found a shattered altar of Ashenzari.
  7521 | D:8      | Received a gift from Okawaru
  7521 | D:8      | Reached XP level 10. HP: 66/88 MP: 9/9
  7773 | D:9      | Found a bloodstained altar of Trog.
  7906 | D:9      | Reached skill level 11 in Axes
  8187 | D:10     | Entered Level 10 of the Dungeon
  8529 | D:10     | Got a pair of twisted gloves
  8540 | D:10     | Identified the cursed +0 pair of gloves of Contentment
                  | {rC+++ MR- Slay+5} (You found it on level 10 of the
                  | Dungeon)
  8667 | D:11     | Reached XP level 11. HP: 93/97 MP: 10/10
  8776 | D:11     | Killed from afar by an electric eel

Vault maps used:
D:1:      eino_arrival_cavern_d, minmay_heptomino_o4
D:2:      grunt_temple_overflow_open
D:3:      minitemple, first_ration, kennysheep_pointless_box,
          serial_bayou_ford_a
D:4:      minmay_diamond_boxcup, lemuel_coloured_pillars_altar,
          marbit_many_paths, minmay_temple_entry_hall, uniq_ijyb, uniq_grinder,
          uniq_blork_the_orc
D:6:      serial_shops, shop
D:7:      cheibriados_altar_1, lemuel_round_altar
D:8:      ashenzari_altar_1
D:9:      trog_ov_bears_minmay
D:10:     hangedman_fish_farm
D:11:     dpeg_lair_monsters, serial_shops, shop
Temple:   jpeg_temple_island

Skill      XL: |  1  2  3  4  5  6  7  8  9 10 |
---------------+-------------------------------+-----
Axes           | 3 4 5 6 8 10 11 | 11.9
Dodging        | 1 2 3 5 6 7 |  7.5
Fighting       | 4 5 6 8 9 |  9.2
Armour         | 4 5 6 8 9 |  9.2
Shields        | 4 5 6 7 9 |  9.2

Action                   |  1- 3 |  4- 6 |  7- 9 | 10-12 || total
-------------------------+-------+-------+-------+-------++-------
Melee: War axe           |    82 |   131 |   314 |   200 ||   727
       Headbutt          |    11 |    24 |    60 |    37 ||   132
Evoke: Wand              |       |     1 |       |       ||     1
  Use: Potion            |     1 |     3 |     2 |     1 ||     7
       Scroll            |       |    12 |    11 |     1 ||    24
  Eat: Chunk             |     1 |     3 |    11 |     4 ||    19
       Ration            |       |     1 |     1 |       ||     2
Armor: Scale mail        |    23 |       |       |       ||    23
       Plate armour      |    43 |    91 |   194 |    60 ||   388
       Skin              |       |     9 |       |       ||     9
Dodge: Dodged            |    29 |    25 |    89 |    45 ||   188
Block: Shield            |    54 |    68 |   180 |    88 ||   390

Table legend:
 A = Non-vault XP
 B = Vault XP
 C = Vault XP percentage of total XP
 D = Non-vault monster count
 E = Vault monster count
 F = Vault count percentage of total count
                 A         B        C        D         E       F
            +---------+---------+-------+---------+---------+-------
      Total |   10677 |    1153 |   9.7 |     261 |      16 |   5.8
            +---------+---------+-------+---------+---------+-------
        D:1 |      16 |       9 |  36.0 |       9 |       4 |  30.8
        D:2 |      53 |       0 |   0.0 |      11 |       0 |   0.0
        D:3 |     227 |       0 |   0.0 |      32 |       0 |   0.0
        D:4 |     137 |     578 |  80.8 |      12 |       9 |  42.9
        D:5 |     890 |       0 |   0.0 |      35 |       0 |   0.0
        D:6 |    1456 |       0 |   0.0 |      30 |       0 |   0.0
        D:7 |     955 |       0 |   0.0 |      25 |       0 |   0.0
        D:8 |    1458 |       0 |   0.0 |      30 |       0 |   0.0
        D:9 |    2643 |     257 |   8.9 |      38 |       2 |   5.0
       D:10 |    1980 |     309 |  13.5 |      30 |       1 |   3.2
       D:11 |     862 |       0 |   0.0 |       9 |       0 |   0.0
            +---------+---------+-------+---------+---------+-------
